 Dungeon Crawl Stone Soup version 0.30.1-4-g462c640d31 (webtiles) character file.

Game seed: 1366842851492068573

996 croobank the Covert (level 8, -3/56 HPs)
             Began as an Octopode Delver on Sept 15, 2023.
             Engulfed by a steam dragon's steam (6 damage)
             ... on level 4 of the Dungeon.
             The game lasted 00:13:42 (2415 turns).

croobank the Covert (Octopode Delver)               Turns: 2415, Time: 00:13:43

Health: -3/56      AC:  1    Str: 14    XL:     8   Next: 19%
Magic:  8/8        EV: 15    Int: 14    God:
Gold:   107        SH:  0    Dex: 14    Spells: 4/7 levels left

rFire   . . .        q - +9 short sword of the Caustic God {heavy, rPois rC+ Will- Str+3}
rCold   + . .        (no shield)
rNeg    . . .        (helmet restricted)
rPois   +            (no amulet)
rElec   .            (no ring)
rCorr   .            (no ring)
SInv    .            (no ring)
Will    .....        (no ring)
Stlth   +++++        (no ring)
HPRegen 0.29/turn    (no ring)
MPRegen 0.11/turn    (no ring)
                     (no ring)

%: no passive effects
@: hasted, very quick
A: almost no armour, amphibious, 8 rings, camouflage 1, gelatinous body 1,
(nimble swimmer 1), tentacles
a: no special abilities


You were on level 4 of the Dungeon.
You visited 2 branches of the dungeon, and saw 6 of its levels.

You collected 107 gold pieces.

Inventory:

Hand Weapons
 a - a +0 short sword
 b - a +0 shortbow of freezing
 h - a +0 morningstar
 q - the +9 short sword of the Caustic God (weapon) {heavy, rPois rC+ Will- Str+3}
   (You found it on level 3 of the Dungeon)

   Str:       It affects your strength (+3).
   rC:        It protects you from cold.
   rPois:     It protects you from poison.
   Will:      It decreases your willpower.
Missiles
 g - 10 boomerangs
 i - 7 poisoned darts (quivered)
Magical Staves
 n - a staff of conjuration
Jewellery
 m - a ring of protection from fire
Wands
 e - a wand of quicksilver (8)
 f - a wand of digging (3)
Scrolls
 c - 2 scrolls of fog
 k - 4 scrolls of identify
Potions
 d - a potion of mutation
 j - a potion of invisibility {unknown}
 l - a potion of lignification {unknown}


   Skills:
 + Level 5.4 Fighting
 + Level 4.9 Short Blades
 + Level 4.9 Dodging
 + Level 9.3 Stealth
 + Level 0.3 Spellcasting
 + Level 0.4 Hexes


You had 4 spell levels left.
You knew the following spells:

 Your Spells              Type           Power      Damage    Failure   Level
a - Confusing Touch       Hex            1%         N/A       56%         3

Your spell library contained the following spells:

 Spells                   Type           Power      Damage    Failure   Level
 Apportation              Tloc           0%         N/A       28%         1
 Kiss of Death            Conj/Necr      0%         2d5       28%         1
 Necrotise                Necr           0%         1d4       28%         1
 Summon Small Mammal      Summ           0%         N/A       28%         1
 Dispel Undead            Necr           0%         3d6       95%         4


Dungeon Overview and Level Annotations

Branches:
Dungeon (7/15)             Temple (1/1) D:7

Altars:
Ashenzari
Cheibriados
Dithmenos
Gozag
Hepliaklqana
Kikubaaqudgha
Makhleb
Qazlal
Ru
Sif Muna
Trog
Vehumet
Wu Jian
The Shining One

Shops:
D:6 [

Annotations:
D:5 3 runed translucent doors, ChiefBigBeans's ghost, novice DECj; Duvessa


Innate Abilities, Weirdness & Mutations

You cannot wear most types of armour.
You are amphibious.
You can wear up to eight rings at the same time.
Your skin changes colour to match your surroundings (Stealth+).
Your rubbery body absorbs attacks. (AC +1, EV +1)
((You are camouflaged when in or above water. (Stealth+)))
You have tentacles for arms and can constrict up to eight enemies at once.


Message History

You squeeze the hobgoblin.
You kill the hobgoblin!
The steam dragon hisses angrily.
The steam dragon breathes steam at you. The ball of steam hits you!
No reachable target in view!
You are engulfed in a cloud of scalding steam.
The steam dragon bites you! The steam dragon claws you.
You closely miss the steam dragon.
Your tentacle-slap misses the steam dragon.
Your squeeze misses the steam dragon.
You are engulfed in a cloud of scalding steam.
* * * LOW HITPOINT WARNING * * *
The steam dragon closely misses you. The steam dragon barely misses you.
You puncture the steam dragon!
The steam dragon is heavily wounded.
The steam dragon closely misses you. The steam dragon barely misses you.
You barely miss the steam dragon.
The steam dragon is heavily wounded.
The steam dragon barely misses you. The steam dragon closely misses you.
You hit the steam dragon.
The steam dragon is heavily wounded.
The steam dragon breathes steam at you. The ball of steam misses you.
The steam dragon bites you.
* * * LOW HITPOINT WARNING * * *
The steam dragon misses you.
You hear a shout! x2
The steam dragon bites you!
* * * LOW HITPOINT WARNING * * *
The steam dragon claws you.
* * * LOW HITPOINT WARNING * * *
You feel yourself speed up. The steam dragon breathes steam at you.
The ball of steam misses you.
You hear a shout! x2
As you read the scroll labelled BUICEAHAZ, it crumbles to dust.
The creatures around you are filled with an inner flame!
It was a scroll of immolation.
You are engulfed in a cloud of scalding steam.
You die...

# # ###.######.# #
#.......##.# #
#.......##.# #
#.......##.# #
#.......##.#
#######.......##.#
......+.......+§§#######
#######../.†.<##@§......
...........§...§.D......
#...P.P....####§.§......
....####..P #§#.######
#...# #.. #.#.# ....#
+..# #.#+########
....####..# #..........#
....P.P...+ #..........#
..........# #..........#


You could see a steam dragon (inner flame, catching breath).

Vanquished Creatures
  Sigmund (D:6)
  2 centaurs (D:5)
  2 bullfrogs (D:6)
  4 scorpions
  2 jellies
  An orc priest (D:5)
  A hound (D:5)
  A gnoll bouda (D:6)
  An iguana (D:5)
  2 orc wizards
  6 gnolls
  3 adders
  An ufetubus (D:5)
  A dart slug (D:3)
  11 orcs
  2 giant cockroaches
  2 goblins (D:4)
  A hobgoblin (D:4)
  3 kobolds
47 creatures vanquished.

Notes
Turn   | Place    | Note
-------+----------+-------------------------------------------
     0 | D:5      | croobank the Octopode Delver began the quest for the Orb.
     0 | D:5      | Reached XP level 1. HP: 16/16 MP: 1/1
     6 | D:5      | Noticed a gnoll bouda
     7 | D:5      | Noticed an orc priest
    17 | D:6      | Found Tiotipunn's Antique Armour Shop.
    49 | D:7      | Found a staircase to the Ecumenical Temple.
    60 | Temple   | Entered the Ecumenical Temple
   163 | D:6      | Noticed Sigmund
   170 | D:6      | Killed Sigmund
   171 | D:6      | Reached skill level 7 in Stealth
   171 | D:6      | Reached XP level 2. HP: 22/22 MP: 2/2
   171 | D:6      | Reached XP level 3. HP: 27/27 MP: 3/3
   171 | D:6      | Reached XP level 4. HP: 33/33 MP: 4/4
   171 | D:6      | Reached XP level 5. HP: 37/37 MP: 5/5
   362 | D:5      | Reached XP level 6. HP: 43/43 MP: 6/6
   375 | D:5      | Reached skill level 8 in Stealth
   385 | D:5      | Reached XP level 7. HP: 8/49 MP: 7/7
   648 | D:5      | Found a runed translucent gate.
   649 | D:5      | Found a runed translucent gate.
   650 | D:5      | Found an opulent altar of Gozag.
   650 | D:5      | Found a runed translucent gate.
   652 | D:5      | Noticed ChiefBigBeans's ghost (novice DECj)
   689 | D:5      | Noticed Duvessa
  1103 | D:6      | Reached skill level 5 in Fighting
  1796 | D:6      | Reached skill level 9 in Stealth
  1986 | D:5      | Reached XP level 8. HP: 54/55 MP: 8/8
  2228 | D:4      | Learned a level 3 spell: Confusing Touch
  2350 | D:3      | Identified the +9 short sword of the Caustic God {heavy,
                  | rPois rC+ Will- Str+3}
  2415 | D:4      | Engulfed by a steam dragon's steam

Illustrated notes

Levels and vault maps discovered:
D:3:      layout_rooms, grunt_decor_resistance, minmay_misc_feat_four_crosses,
          uniq_grinder
D:4:      corexii_shack_village, layout_basic, roderic_lattice_a
D:5:      layout_rooms, okawaru_metal_pillars_1_2, fedhas_altar_3,
          ebering_ghost_gozag, uniq_duvessa
D:6:      layout_gridville, nicolae_gozag_zags_fifth_avenue, serial_shops,
          nicolae_stop_n_shop_1, uniq_sigmund, uniq_edmund
D:7:      layout_loops_ring, xom_confusion_cloud, temple_pool_b,
          hellmonk_bongcloud_opening, nicolae_shop_i_like_big_books
Temple:   nicolae_temple_god_jail

Skill      XL: |  1  2  3  4  5  6  7 |
---------------+----------------------+-----
Short Blades   | 3 4 |  4.9
Dodging        | 3 4 |  4.9
Stealth        | 7 8 9 |  9.3
Fighting       | 4 5 |  5.4
Spellcasting   | |  0.3
Hexes          | |  0.4

Action                     |  1- 3 |  4- 6 |  7- 9 || total
---------------------------+-------+-------+-------++-------
  Melee: Short sword       |     1 |    19 |    35 ||    55
         Tentacles         |     1 |     5 |    15 ||    21
         Constrict         |     1 |     3 |    15 ||    19
         Morningstar       |       |       |    37 ||    37
         Punch             |       |       |     3 ||     3
   Fire: Shortbow          |       |       |    57 ||    57
  Throw: Boomerang         |       |       |     2 ||     2
    Use: Scroll            |       |     3 |     3 ||     6
         Potion            |       |     1 |     2 ||     3
   Stab: Sleeping          |     1 |     5 |     4 ||    10
 Armour: Skin              |       |     1 |     2 ||     3
  Dodge: Dodged            |       |    15 |    75 ||    90
